 Dungeon Crawl Stone Soup version 0.27.0-1-g7a089689b8 (console) character file.

Game seed: 1598314688173924406

32535 jejorda2 the Thaumaturge (level 13, 0/148 HPs)
             Began as a Gnoll Air Elementalist on July 31, 2021.
             Was the Champion of Zin.
             Succumbed to a minotaur's poison
             ... in a Gauntlet.
             The game lasted 01:11:08 (18137 turns).

jejorda2 the Thaumaturge (Gnoll Air Elementalist)  Turns: 18137, Time: 01:11:08

Health: 0/148      AC: 15    Str: 11    XL:     13   Next: 65%
Magic:  5/26       EV: 19    Int: 17    God:    Zin [******]
Gold:   916        SH: 12    Dex: 12    Spells: 10/31 levels left

rFire    + . .     SeeInvis .   a - +2 short sword (elec)
rCold    . . .     Faith    .   h - +1 buckler
rNeg     . . .     Spirit   .   E - +0 troll leather armour
rPois    .         Reflect  +   B - +2 helmet of Muedid {rF+ Regen+}
rElec    .         Harm     .   s - +0 cloak
rCorr    .         Rampage  .   F - +2 pair of gloves
Will     .....     NoTele   +   t - +0 pair of boots
Stlth    ..........             j - amulet of reflection
HPRegen  2.34/turn              y - +4 ring of evasion
MPRegen  0.20/turn              v - ring of wizardry

@: berserking (expiring), lethally poisoned (0 -> -5), on recite cooldown, very
quick
A: fangs 1, strong nose, distributed training
a: Renounce Religion, Recite, Vitalisation, Imprison, Sanctuary, Donate Gold


You were in a Gauntlet.
You worshipped Zin.
Zin was exalted by your worship.
You visited 2 branches of the dungeon, and saw 16 of its levels.
You also visited: Gauntlet.

You collected 1017 gold pieces.
You donated 101 gold pieces to Zin.

Inventory:

Hand Weapons
 a - a +2 short sword of electrocution (weapon)
 O - a +0 morningstar
Missiles
 g - 297 stones
 i - 13 javelins
 o - 8 boomerangs
 z - 38 poisoned darts (quivered)
 C - a throwing net
 P - 4 curare-tipped darts
Armour
 h - a +1 buckler (worn)
 n - the -2 cloak "Otweut" {rC- rN+++ Str+8 Int-4}
   (You found it in a Gauntlet)

   Str:       It affects your strength (+8).
   Int:       It affects your intelligence (-4).
   rC:        It makes you vulnerable to cold.
   rN:        It renders you almost immune to negative energy.
 s - a +0 cloak (worn)
 t - a +0 pair of boots (worn)
 B - the +2 helmet of Muedid (worn) {rF+ Regen+}
   (You found it in a Gauntlet)

   rF:        It protects you from fire.
   Regen:     It increases your rate of health regeneration.
 E - a +0 troll leather armour (worn)
 F - a +2 pair of gloves (worn)
 J - a +2 hat
Magical Staves
 b - a staff of fire
 w - a staff of conjuration
Jewellery
 j - an amulet of reflection (around neck)
 r - a ring of see invisible
 v - a ring of wizardry (right hand)
 y - a +4 ring of evasion (left hand)
 H - a ring of resist corrosion
Wands
 f - a wand of iceblast (26)
 k - a wand of charming (15)
 u - a wand of flame (14)
 D - a wand of paralysis (7)
 G - a wand of acid (6)
 M - a wand of mindburst (15)
Scrolls
 e - 2 scrolls of magic mapping
 I - a scroll of blinking
 L - 3 scrolls of summoning
Potions
 c - 5 potions of flight
 l - 2 potions of resistance
 m - 2 potions of brilliance
 p - a potion of attraction
 q - 2 potions of heal wounds
 x - a potion of mutation
 A - 2 potions of curing
 K - a potion of ambrosia {unknown}


   Skills:
 + Level 8.5 Fighting
 + Level 8.5 Short Blades
 + Level 8.5 Long Blades
 + Level 8.5 Axes
 + Level 8.5 Maces & Flails
 + Level 8.5 Polearms
 + Level 8.5 Staves
 + Level 8.5 Slings
 + Level 8.5 Bows
 + Level 8.5 Crossbows
 + Level 8.5 Throwing
 + Level 8.5 Armour
 + Level 9.6 Dodging
 + Level 9.5 Stealth
 + Level 8.5 Shields
 + Level 8.5 Unarmed Combat
 + Level 9.8 Spellcasting
 + Level 7.4 Conjurations
 + Level 7.0 Hexes
 + Level 7.0 Summonings
 + Level 7.0 Necromancy
 + Level 7.0 Translocations
 + Level 7.0 Transmutations
 + Level 7.0 Fire Magic
 + Level 7.0 Ice Magic
 + Level 9.0 Air Magic
 + Level 7.0 Earth Magic
 + Level 7.0 Poison Magic
 + Level 9.2 Invocations
 + Level 8.5 Evocations


You had 10 spell levels left.
You knew the following spells:

 Your Spells              Type           Power      Damage    Failure   Level
a - Shock                 Conj/Air       100%       1d9       1%          1
b - Static Discharge      Conj/Air       36%        N/A       1%          2
c - Sticky Flame          Conj/Fire      33%        2d5       2%          4
d - Olgreb's Toxic Radia  Pois           32%        N/A       2%          4
e - Bolt of Magma         Conj/Fire/Erth 16%        4d9       6%          5
p - Passwall              Tmut/Erth      26%        N/A       1%          2
S - Swiftness             Air            39%        N/A       1%          3

Your spell library contained the following spells:

 Spells                   Type           Power      Damage    Failure   Level
 Animate Skeleton         Necr           64%        N/A       1%          1
 Apportation              Tloc           64%        N/A       1%          1
 Corona                   Hex            35%        N/A       1%          1
 Summon Small Mammal      Summ           100%       N/A       1%          1
 Ensorcelled Hibernation  Hex/Ice        64%        N/A       1%          2
 Sublimation of Blood     Necr           16%        N/A       1%          2
 Wereblood                Tmut           32%        N/A       1%          2
 Conjure Flame            Conj/Fire      33%        6-21      1%          3
 Ignite Poison            Fire/Tmut/Pois 32%        N/A       1%          3
 Summon Guardian Golem    Hex/Summ       32%        N/A       1%          3
 Tukima's Dance           Hex            32%        N/A       1%          3
 Airstrike                Air            19%        N/A       1%          4
 Leda's Liquefaction      Hex/Erth       16%        N/A       2%          4
 Petrify                  Tmut/Erth      32%        N/A       2%          4
 Lightning Bolt           Conj/Air       18%        1d32      4%          5
 Metabolic Englaciation   Hex/Ice        16%        N/A       7%          5
 Summon Forest            Summ/Tloc      16%        N/A       7%          5
 Eringya's Noxious Bog    Tmut/Pois      16%        N/A       34%         6
 Invisibility             Hex            16%        N/A       34%         6
 Statue Form              Tmut/Erth      21%        N/A       34%         6
 Ozocubu's Refrigeration  Ice            16%        4d8       87%         7
 Summon Hydra             Summ           16%        N/A       87%         7
 Maxwell's Capacitive Co  Air            19%        ∞         99%         8
 Ignition                 Fire           16%        3d6       100%        8


Dungeon Overview and Level Annotations

Branches:
Dungeon (10/15)            Temple (0/1) D:6            Lair (6/6) D:9
  Swamp (0/4) Lair:4        Snake (0/4) Lair:3        Slime (0/5) Lair:5
    Orc (0/2) D:10        Gauntlet (1/1)

Altars:
Cheibriados
Dithmenos
Fedhas
Makhleb
Uskayaw
Vehumet
Yredelemnul
Zin

Annotations:
Lair:3 1 runed translucent door, mandarbmax's ghost, journeyman MiTm
Lair:4 1 runed translucent door, Aricsoirch's ghost, journeyman GrFi Gauntlet 8 transporters, 1 runed translucent door, exclusion: lightning spire


Innate Abilities, Weirdness & Mutations

You have very sharp teeth.
Your uncanny sense of smell can sniff out nearby items.
Your experience applies equally to all skills.


Message History

You bite the minotaur, but do no damage.
The minotaur is severely wounded.
You feel sick.
You completely miss the minotaur.
The minotaur furiously retaliates!
The minotaur headbutts you!
* * * LOW HITPOINT WARNING * * *
The minotaur is severely wounded.
You feel very sick.
The minotaur hits you but does no damage.
You are more poisoned.
The minotaur barely misses you.
You puncture the minotaur!
You bite the minotaur, but do no damage.
The minotaur is almost dead.
You feel very sick.
You barely miss the minotaur.
The minotaur is almost dead.
You feel sick.
The minotaur hits you with a +2 trident of venom!
* * * LOW HITPOINT WARNING * * *
You are lethally poisoned!
The minotaur closely misses you.
You hit the minotaur but do no damage.
The minotaur is almost dead.
* * * LOW HITPOINT WARNING * * *
You feel very sick.
You hit the minotaur but do no damage.
The minotaur is almost dead.
* * * LOW HITPOINT WARNING * * *
You feel sick.
Unknown command.
You hit the minotaur. Lightning courses through the minotaur!
You kill the minotaur!
* * * LOW HITPOINT WARNING * * *
You feel very sick.
You are too berserk!
* * * LOW HITPOINT WARNING * * *
You feel very sick.
You feel a strong urge to attack something.
You die...

#§§..#.^.# ##.§.#....
#≈§..#####
##########........
#...##.####§8.....
#.#.##..##≈....... #∆
#.#......##.§.#### ##'
#.#.##....#...#Bss #.⌠.
#@..##.©8.#...#s.#
#...∩##.#.##....#...#..#
∆+⌠...)'.#....©8.#.8.#©.#
#..⌠.##.#.##....#...#[.#
###+ #...##.©8.#...#s.#
#.#.##....#...#sBs
#.#......##...####
#.#.##..##≈....... #..
#.# ##.8.....


There were no monsters in sight!

Vanquished Creatures
  A minotaur (Gauntlet)
  Harold (Lair:2)
  3 hydras
  A ghost crab (Gauntlet)
  A catoblepas (Lair:5)
  A two-headed ogre (D:10)
  2 bog bodies (Lair:4)
  5 elephants (Lair:2)
  7 black mambas
  A gargoyle (D:10)
  8 cane toads
  2 unseen horrors
  8 komodo dragons
  3 trolls
  A polar bear (Lair:5)
  A hornet (D:7)
  A dream sheep (Lair:5)
  7 blink frogs
  Sigmund (D:5)
  5 small abominations (Gauntlet)
  3 wyverns
  2 basilisks (D:9)
  42 yaks
  A vampire mosquito (D:8)
  5 nagas (Lair:3)
  An acid dragon (D:9)
  11 water moccasins
  5 orc warriors
  2 black bears
  A sky beast (D:7)
  3 large abominations (Gauntlet)
  2 ogres (D:5)
  An ice beast (D:6)
  3 wolves (Lair:1)
  4 centaurs
  2 phantoms (D:6)
  12 bullfrogs
  4 scorpions
  9 killer bees
  2 howler monkeys
  5 electric eels
  A crimson imp (D:4)
  A bullfrog skeleton (D:7)
  2 jellies
  A bullfrog zombie (D:5)
  3 hounds
  4 orc priests
  A centaur zombie (D:9)
  A gnoll shaman (D:9)
  4 iguanas
  10 orc wizards
  6 hell rats (Lair:3)
  A killer bee zombie (D:8)
  A hound skeleton (D:4)
  2 howler monkey zombies
  5 gnolls (D:9)
  2 adders
  A shadow imp (D:7)
  A white imp (D:6)
  An ufetubus (D:5)
  3 worms
  3 dart slugs
  36 orcs
  3 bats
  4 endoplasms
  4 giant cockroaches
  9 goblins
  11 hobgoblins
  5 jackals
  9 kobolds
  3 quokkas
  7 ball pythons
  3 frilled lizards
  4 rats
332 creatures vanquished.

Vanquished Creatures (others)
  25 demonic plants (Gauntlet)
  12 fungi
  25 plants
62 creatures vanquished.

Grand Total: 394 creatures vanquished

Notes
Turn   | Place    | Note
-------+----------+-------------------------------------------
     0 | D:1      | jejorda2 the Gnoll Air Elementalist began the quest for the
                  | Orb.
     0 | D:1      | Reached XP level 1. HP: 13/13 MP: 6/6
   238 | D:1      | Reached XP level 2. HP: 19/19 MP: 5/7
   651 | D:1      | Learned a level 2 spell: Static Discharge
   828 | D:1      | Reached XP level 3. HP: 18/25 MP: 3/9
   982 | D:1      | Reached skill level 5 in Spellcasting
  1746 | D:2      | Reached skill level 1 in Invocations
  1797 | D:2      | Found a faded altar of an unknown god.
  2027 | D:2      | Reached skill level 1 in Fighting
  2027 | D:2      | Reached skill level 1 in Short Blades
  2027 | D:2      | Reached skill level 1 in Long Blades
  2027 | D:2      | Reached skill level 1 in Axes
  2027 | D:2      | Reached skill level 1 in Maces & Flails
  2027 | D:2      | Reached skill level 1 in Polearms
  2027 | D:2      | Reached skill level 1 in Staves
  2027 | D:2      | Reached skill level 1 in Slings
  2027 | D:2      | Reached skill level 1 in Bows
  2027 | D:2      | Reached skill level 1 in Crossbows
  2027 | D:2      | Reached skill level 1 in Throwing
  2027 | D:2      | Reached skill level 1 in Armour
  2027 | D:2      | Reached skill level 1 in Shields
  2027 | D:2      | Reached skill level 1 in Unarmed Combat
  2027 | D:2      | Reached skill level 1 in Evocations
  2027 | D:2      | Reached XP level 4. HP: 17/32 MP: 3/11
  2182 | D:2      | Became a worshipper of Zin the Law-Giver
  2182 | D:2      | Reached * piety under Zin
  2349 | D:2      | Found a radiant altar of Vehumet.
  2513 | D:2      | Reached skill level 1 in Hexes
  2513 | D:2      | Reached skill level 1 in Summonings
  2513 | D:2      | Reached skill level 1 in Necromancy
  2513 | D:2      | Reached skill level 1 in Translocations
  2513 | D:2      | Reached skill level 1 in Transmutations
  2513 | D:2      | Reached skill level 1 in Fire Magic
  2513 | D:2      | Reached skill level 1 in Ice Magic
  2513 | D:2      | Reached skill level 1 in Earth Magic
  2513 | D:2      | Reached skill level 1 in Poison Magic
  3070 | D:3      | Reached ** piety under Zin
  3154 | D:3      | Learned a level 3 spell: Swiftness
  3157 | D:3      | Reached XP level 5. HP: 37/37 MP: 6/12
  3966 | D:4      | Reached XP level 6. HP: 44/44 MP: 10/13
  4086 | D:4      | You fall into a shaft and drop 1 floor!
  4086 | D:5      | Entered Level 5 of the Dungeon
  4282 | D:4      | Found a radiant altar of Vehumet.
  4283 | D:4      | Found a burning altar of Makhleb.
  4290 | D:4      | Reached skill level 5 in Dodging
  4842 | D:5      | Noticed Sigmund
  4851 | D:5      | Killed Sigmund
  4852 | D:5      | Reached XP level 7. HP: 37/51 MP: 3/15
  5158 | D:5      | Reached skill level 5 in Stealth
  5267 | D:5      | Learned a level 4 spell: Sticky Flame
  5270 | D:5      | Learned a level 2 spell: Passwall
  5287 | D:5      | Reached XP level 8. HP: 57/57 MP: 13/16
  5743 | D:5      | Found a basalt altar of Yredelemnul.
  5744 | D:5      | Found a snail-covered altar of Cheibriados.
  5845 | D:5      | Reached *** piety under Zin
  6672 | D:6      | Found a staircase to the Ecumenical Temple.
  7035 | D:6      | Reached XP level 9. HP: 65/65 MP: 18/18
  7174 | D:7      | Reached **** piety under Zin
  7195 | D:7      | Noticed a hornet
  7198 | D:7      | Paralysed by a hornet for 2 turns
  7207 | D:7      | Killed a hornet
  7643 | D:7      | Noticed an unseen horror
  7645 | D:7      | Killed an unseen horror
  8069 | D:8      | Found a radiant altar of Vehumet.
  8069 | D:8      | Noticed a troll
  8206 | D:8      | Found a shadowy altar of Dithmenos.
  8347 | D:8      | Reached skill level 5 in Invocations
  8629 | D:8      | Killed a troll
  8630 | D:8      | Reached XP level 10. HP: 64/73 MP: 20/20
  8712 | D:8      | Reached ***** piety under Zin
  9308 | D:7      | Found a hide-covered altar of Uskayaw.
  9640 | D:9      | Reached skill level 5 in Fighting
  9640 | D:9      | Reached skill level 5 in Short Blades
  9640 | D:9      | Reached skill level 5 in Long Blades
  9640 | D:9      | Reached skill level 5 in Axes
  9640 | D:9      | Reached skill level 5 in Maces & Flails
  9640 | D:9      | Reached skill level 5 in Polearms
  9640 | D:9      | Reached skill level 5 in Staves
  9640 | D:9      | Reached skill level 5 in Slings
  9640 | D:9      | Reached skill level 5 in Bows
  9640 | D:9      | Reached skill level 5 in Crossbows
  9640 | D:9      | Reached skill level 5 in Throwing
  9640 | D:9      | Reached skill level 5 in Armour
  9640 | D:9      | Reached skill level 5 in Shields
  9640 | D:9      | Reached skill level 5 in Unarmed Combat
  9640 | D:9      | Reached skill level 5 in Evocations
 10108 | D:9      | Reached skill level 5 in Conjurations
 10132 | D:9      | Found a staircase to the Lair.
 10522 | Lair:1   | Entered Level 1 of the Lair of Beasts
 10573 | D:10     | Entered Level 10 of the Dungeon
 10679 | D:10     | Noticed a two-headed ogre
 10685 | D:10     | Killed a two-headed ogre
 10795 | D:10     | Reached XP level 11. HP: 81/81 MP: 20/22
 10800 | D:10     | Learned a level 4 spell: Olgreb's Toxic Radiance
 10996 | D:10     | Reached skill level 5 in Hexes
 10996 | D:10     | Reached skill level 5 in Summonings
 10996 | D:10     | Reached skill level 5 in Necromancy
 10996 | D:10     | Reached skill level 5 in Translocations
 10996 | D:10     | Reached skill level 5 in Transmutations
 10996 | D:10     | Reached skill level 5 in Fire Magic
 10996 | D:10     | Reached skill level 5 in Ice Magic
 10996 | D:10     | Reached skill level 5 in Earth Magic
 10996 | D:10     | Reached skill level 5 in Poison Magic
 11093 | D:10     | Reached ****** piety under Zin
 11427 | D:10     | Found a blossoming altar of Fedhas.
 11518 | D:10     | Found a staircase to the Orcish Mines.
 12137 | Lair:1   | Noticed a six-headed hydra
 12153 | Lair:1   | Killed a six-headed hydra
 12903 | Lair:1   | Learned a level 5 spell: Bolt of Magma
 13251 | Lair:2   | Noticed Harold
 13361 | Lair:2   | Reached XP level 12. HP: 63/89 MP: 2/24
 13772 | Lair:2   | Killed Harold
 13979 | Lair:2   | Noticed a six-headed hydra
 13986 | Lair:2   | Killed a six-headed hydra
 14214 | Lair:2   | Noticed a four-headed hydra
 14344 | Lair:2   | Killed a four-headed hydra
 15606 | Lair:3   | Found a runed translucent door.
 15606 | Lair:3   | Noticed mandarbmax's ghost (journeyman MiTm)
 15865 | Lair:3   | Reached XP level 13. HP: 81/98 MP: 13/26
 15865 | Lair:3   | Found a staircase to the Snake Pit.
 16499 | Lair:4   | Found a runed translucent door.
 16499 | Lair:4   | Noticed Aricsoirch's ghost (journeyman GrFi)
 16689 | Lair:4   | Found a staircase to the Swamp.
 17043 | Lair:4   | You fall into a shaft and drop 2 floors!
 17043 | Lair:6   | Entered Level 6 of the Lair of Beasts
 17683 | Lair:5   | Found a gate leading to a gauntlet.
 17697 | Gauntlet | Entered a Gauntlet
 17697 | Gauntlet | Found a transporter.
 17704 | Gauntlet | Found a runed translucent door.
 17706 | Gauntlet | Found a transporter.
 17708 | Gauntlet | Found a runed translucent door.
 17718 | Gauntlet | Found a transporter.
 17722 | Gauntlet | Found a transporter.
 17732 | Gauntlet | Found a transporter.
 17752 | Gauntlet | Found a transporter.
 17752 | Gauntlet | Noticed an entropy weaver
 17755 | Gauntlet | Found a transporter.
 17759 | Gauntlet | Found a transporter.
 17782 | Gauntlet | Found a transporter.
 17799 | Gauntlet | Found a transporter.
 17803 | Gauntlet | Found a transporter.
 17811 | Gauntlet | Found a transporter.
 17924 | Gauntlet | Identified the -2 cloak "Otweut" {rC- rN+++ Str+8 Int-4}
 17949 | Gauntlet | Got Oraudeaf's Incunabulum of Execration
 18017 | Gauntlet | Identified the +2 helmet of Muedid {rF+ Regen+}
 18109 | Gauntlet | Identified the ring of the Leaf {EV+4 Dex+3}
 18109 | Gauntlet | Noticed a minotaur
 18133 | Gauntlet | HP: 6/148 [poisoned by a minotaur]
 18135 | Gauntlet | Killed a minotaur
 18136 | Gauntlet | HP: 1/148 [poisoned by a minotaur]
 18137 | Gauntlet | Succumbed to a minotaur's poison

Illustrated notes

Levels and vault maps discovered:
D:1:      evilmike_arrival_hilbert_curve, layout_basic
D:2:      layout_basic, hellmonk_ecumenical_altar_inner_sanctum, basic_altar,
          minmay_misc_feat_nine_boxes
D:3:      layout_basic
D:4:      layout_loops_cross, grunt_temple_overflow_lords_of_destruction,
          kennysheep_generic_room_12
D:5:      layout_basic, mainiacjoe_overflow_divided_tiny, serial_curves,
          eino_curves_01, eino_curves_04, minivault_1, uniq_sigmund
D:6:      layout_loops_ring, minmay_temple_entry_offerings, solitary_fountain,
          hangedman_decor_slide_cut
D:7:      layout_basic, mainiacjoe_overflow_tiny_flanked
D:8:      layout_loops_ring, serial_aquarium, aquarium_bridge_straight
          [aquarium_subvault_bridge, aquarium_subvault_wall,
          aquarium_subvault_bridge, aquarium_subvault_window],
          aquarium_window_1, aquarium_window_fake, aquarium_window_3,
          aquarium_view_2d, aquarium_view_2c, aquarium_pool_2,
          hangedman_feature_mirror, serial_bayou_ford_a
D:9:      layout_gridville, erik_lair_dragon
D:10:     layout_irregular_city, kennysheep_little_box, orc_0_dummy
Lair:1:   layout_regular_city, chequers_serial_rivers_micro_b,
          grunt_megastairs_5
Lair:2:   layout_cellular_growth, columned_hall_lemuel, grunt_megastairs_2,
          infiniplex_staircase_pool, uniq_harold
Lair:3:   layout_hall_layers, minmay_snake_entry_guardpost_medium,
          gammafunk_ghost_grave
Lair:4:   layout_gridlike, skrybe_swamp_entry_bodies,
          hellmonk_ghost_happy_afterlife, chequers_serial_rivers_micro_b
Lair:5:   layout_gridlike, dpeg_slime_entry_enclosed_altar,
          gauntlet_entry_generic, minmay_lair_oklob_chamber
Lair:6:   cheibrodos_lair_end_hotspot, layout_gridlike,
          chequers_serial_rivers_small_3
Gauntlet: minmay_gauntlet_mixed_oops_all_seconds [minmay_gauntlet_arena_77_mess,
          gammafunk_gauntlet_arena_hedges, minmay_gauntlet_arena_77_shame_cube,
          gammafunk_gauntlet_arena_teeth,
          minmay_gauntlet_arena_77_chump_sandwich,
          nicolae_gauntlet_arena_t_cross, gauntlet_exit_hidden_loot]

Skill      XL: |  1  2  3  4  5  6  7  8  9 10 11 12 13 |
---------------+----------------------------------------+-----
Conjurations   | 2 3 4 5 6 7 |  7.4
Spellcasting   | 5 6 7 8 9 |  9.8
Invocations    | 1 2 3 4 5 6 7 8 9 |  9.2
Fighting       | 1 2 3 4 5 6 7 8 |  8.5
Short Blades   | 1 2 3 4 5 6 7 8 |  8.5
Long Blades    | 1 2 3 4 5 6 7 8 |  8.5
Axes           | 1 2 3 4 5 6 7 8 |  8.5
Maces & Flails | 1 2 3 4 5 6 7 8 |  8.5
Polearms       | 1 2 3 4 5 6 7 8 |  8.5
Staves         | 1 2 3 4 5 6 7 8 |  8.5
Slings         | 1 2 3 4 5 6 7 8 |  8.5
Bows           | 1 2 3 4 5 6 7 8 |  8.5
Crossbows      | 1 2 3 4 5 6 7 8 |  8.5
Throwing       | 1 2 3 4 5 6 7 8 |  8.5
Armour         | 1 2 3 4 5 6 7 8 |  8.5
Shields        | 1 2 3 4 5 6 7 8 |  8.5
Unarmed Combat | 1 2 3 4 5 6 7 8 |  8.5
Evocations     | 1 2 3 4 5 6 7 8 |  8.5
Hexes          | 1 2 3 4 5 6 7 |  7.0
Summonings     | 1 2 3 4 5 6 7 |  7.0
Necromancy     | 1 2 3 4 5 6 7 |  7.0
Translocations | 1 2 3 4 5 6 7 |  7.0
Transmutations | 1 2 3 4 5 6 7 |  7.0
Fire Magic     | 1 2 3 4 5 6 7 |  7.0
Ice Magic      | 1 2 3 4 5 6 7 |  7.0
Earth Magic    | 1 2 3 4 5 6 7 |  7.0
Poison Magic   | 1 2 3 4 5 6 7 |  7.0
Dodging        | 5 6 7 8 9 |  9.6
Stealth        | 5 6 7 8 9 |  9.5
Air Magic      | 6 7 8 9 |  9.0

Action                   |  1- 3 |  4- 6 |  7- 9 | 10-12 | 13-15 || total
-------------------------+-------+-------+-------+-------+-------++-------
Melee: Dagger            |     8 |       |       |       |       ||     8
       Bite              |     1 |     4 |    15 |    29 |    14 ||    63
       Short sword       |     2 |    56 |   195 |   264 |   136 ||   653
       Morningstar       |       |       |    19 |     4 |       ||    23
       Staff             |       |       |       |    54 |    14 ||    68
Throw: Dart              |       |       |       |     2 |       ||     2
 Cast: Shock             |    64 |    79 |    23 |    39 |     7 ||   212
       Static Discharge  |     3 |    21 |    22 |    64 |    23 ||   133
       Sticky Flame      |       |       |    11 |    43 |    14 ||    68
       Olgreb's Toxic Ra |       |       |       |    33 |     7 ||    40
       Bolt of Magma     |       |       |       |     8 |    18 ||    26
Invok: Vitalisation      |       |     1 |       |     1 |     1 ||     3
       Recite            |       |       |     1 |     1 |     3 ||     5
Evoke: Wand              |       |       |     1 |     5 |     3 ||     9
  Use: Scroll            |       |    11 |     1 |    10 |     2 ||    24
       Potion            |       |       |     2 |       |     1 ||     3
 Stab: Sleeping          |       |     3 |     1 |     7 |     2 ||    13
       Confused          |       |       |     1 |       |       ||     1
       Petrified         |       |       |       |       |     2 ||     2
Armor: Robe              |     3 |     2 |    39 |       |       ||    44
       Leather armour    |       |    11 |       |       |       ||    11
       Troll leather arm |       |       |       |    74 |    24 ||    98
Dodge: Dodged            |    13 |    36 |   111 |   221 |    89 ||   470
Block: Other             |     1 |    10 |       |       |       ||    11
       Buckler           |       |     3 |   114 |   211 |    66 ||   394
       Reflection        |       |       |     2 |     2 |     2 ||     6
